 Dungeon Crawl Stone Soup version 0.22-a0-348-gd16d139 (webtiles) character file.

91 BaronVonScrub the Sneak (level 4, -1/23 HPs)
             Began as a Spriggan Assassin on Apr 7, 2018.
             Slain by a sky beast (3 damage)
             ... on level 2 of the Dungeon.
             The game lasted 00:08:57 (1999 turns).

BaronVonScrub the Sneak (Spriggan Assassin)         Turns: 1999, Time: 00:08:57

Health: -1/23      AC:  3    Str:  7    XL:     4   Next: 33%
Magic:  5/5        EV: 18    Int: 12    God:
Gold:   81         SH:  0    Dex: 18    Spells: 3/3 levels left

rFire    . . .     SeeInvis +   j - +2 short sword (holy)
rCold    . . .     Gourm    .   (shield restricted)
rNeg     . . .     Faith    .   c - +0 robe
rPois    .         Spirit   .   (helmet restricted)
rElec    .         Reflect  .   d - +0 cloak
rCorr    .         Harm     +   (gloves unavailable)
MR       .....                  (boots unavailable)
Stlth    ++++......             o - amulet of harm
HPRegen  0.07/turn              (no ring)
MPRegen  0.09/turn              (no ring)

@: very quick
A: very small, unfitting armour, see invisible, herbivore, speed 3, slow
metabolism 2
a: no special abilities


You were on level 2 of the Dungeon.
You were not hungry.

You visited 1 branch of the dungeon, and saw 2 of its levels.

You collected 81 gold pieces.

Inventory:

Hand Weapons
 a - a +2 dagger
 b - a +0 blowgun
 j - a +2 short sword of holy wrath (weapon)
Missiles
 e - 8 poisoned needles
 f - 6 curare-tipped needles
Armour
 c - a +0 robe (worn)
 d - a +0 cloak (worn)
 k - a +0 pair of gloves
Jewellery
 o - an amulet of harm (around neck)
Scrolls
 h - a scroll of amnesia
 i - a scroll of remove curse
 l - a scroll of identify
Potions
 m - a potion of heal wounds {unknown}
 n - a potion of haste
 q - a potion of resistance
Comestibles
 g - 4 rations


   Skills:
 + Level 1.8 Fighting
 + Level 3.1 Short Blades
 + Level 2.0 Throwing
 + Level 2.4 Dodging
 + Level 7.7 Stealth


You had 3 spell levels left.
You didn't know any spells.

Dungeon Overview and Level Annotations

Branches:
Dungeon (2/15)

Altars:
Elyvilon


Innate Abilities, Weirdness & Mutations

You are very small and have problems with some larger weapons.
You are too small for most types of armour.
You have supernaturally acute eyesight. (SInv)
You are a herbivore.
You cover ground extremely quickly.
You need to consume almost no food.


Message History

You hit the kobold but do no damage. The kobold hits you but does no damage.
You hit the kobold but do no damage. The kobold closely misses you.
You closely miss the kobold. The kobold closely misses you.
You hit the kobold.
You kill the kobold!
The sky beast flickers out of sight for a moment.
The sky beast completely misses you.
You hit the sky beast but do no damage. The sky beast barely misses you.
You miss the sky beast. The sky beast misses you.
You hit the sky beast.
The sky beast is moderately wounded.
The sky beast hits you. The sky beast shocks you.
You puncture the sky beast!
The sky beast is heavily wounded.
The sky beast hits you. The sky beast shocks you.
* * * LOW HITPOINT WARNING * * *
You closely miss the sky beast.
The sky beast is heavily wounded.
The sky beast hits you.
You die...

......### .. ###.....#
##.## l## #.....###### <..
..... #........## ..#
....#
#####.........####........
..................Y#.⌠.⌠.#
#####........#####........
# #....<...#####.#.....#
#...........@Y...._...
#############..#.....#
#......... #..#(⌠.⌠.#
#......... #..#.....#
#......... #..?...###
########


You could see a sky beast (invisible).

Vanquished Creatures
  A gnoll (D:1)
  2 adders (D:2)
  2 worms (D:2)
  3 dart slugs
  6 bats
  2 giant cockroaches (D:1)
  3 goblins
  9 hobgoblins
  3 jackals (D:1)
  A quokka (D:2)
  A ball python (D:1)
  4 frilled lizards
  7 kobolds
  8 rats
52 creatures vanquished.

Notes
Turn   | Place    | Note
-------+----------+-------------------------------------------
     0 | D:1      | BaronVonScrub the Spriggan Assassin began the quest for the Orb.
     0 | D:1      | Reached XP level 1. HP: 10/10 MP: 2/2
    20 | D:1      | Reached skill level 6 in Stealth
   301 | D:1      | Reached XP level 2. HP: 14/14 MP: 3/3
   406 | D:1      | Reached skill level 7 in Stealth
   406 | D:1      | Reached XP level 3. HP: 16/18 MP: 4/4
  1603 | D:2      | Reached XP level 4. HP: 23/23 MP: 5/5
  1966 | D:2      | Found a white marble altar of Elyvilon.
  1968 | D:2      | Noticed a sky beast
  1999 | D:2      | Slain by a sky beast

Vault maps used:
D:1:      erik_arrival_cave_to_civilisation
D:2:      elyvilon_altar_5, first_ration, uniq_jessica

Skill      XL: |  1  2  3 |
---------------+----------+-----
Stealth        | 6 7 |  7.7
Dodging        | 2 |  2.4
Short Blades   | 3 |  3.1
Fighting       | |  1.8
Throwing       | |  2.0

Action                   |  1- 3 |  4- 6 || total
-------------------------+-------+-------++-------
Melee: Dagger            |    71 |       ||    71
       Short sword       |    50 |    37 ||    87
  Use: Scroll            |     1 |     4 ||     5
       Potion            |     1 |     2 ||     3
 Stab: Sleeping          |    10 |     3 ||    13
       Distracted        |     1 |       ||     1
Armor: Robe              |    14 |     2 ||    16
       Skin              |       |     1 ||     1
Dodge: Dodged            |    95 |    19 ||   114

Table legend:
 A = Spawn XP
 B = Non-spawn XP
 C = Spawn XP percentage of total XP
 D = Spawn monster count
 E = Non-spawn monster count
 F = Spawn count percentage of total count
 G = Total turns spent on level
                    A         B        C        D         E        F      G
               +---------+---------+-------+---------+---------+-------+---------
         Total |       0 |     130 |   0.0 |       0 |      52 |   0.0 |  1999
               +---------+---------+-------+---------+---------+-------+---------
           D:1 |       0 |      65 |   0.0 |       0 |      32 |   0.0 |  1172
           D:2 |       0 |      65 |   0.0 |       0 |      20 |   0.0 |   827
               +---------+---------+-------+---------+---------+-------+---------
